[Event "Team 45 45 League T84"]
[Site "Internet Chess Club"]
[Date "2020.04.25"]
[Round "4"]
[White "fishhead"]
[Black "LittleButton"]
[Result "0-1"]
[WhiteElo "1771"]
[BlackElo "1877"]
[Opening "Sicilian"]
[ECO "B50"]
[Time "14:00:22"]
[TimeControl "2700+45"]

1. e4 c5 2. Nf3 d6 3. g3 Nc6 4. Bg2 g6 5. O-O Bg7 6. d3 Nf6 7. Nbd2 O-O 8. a4 a6
9. Nc4 Be6 10. Ne3 Rb8 11. Ng5 Bd7 12. f4 h6 13. Nf3 Ng4 14. c3 b5 15. axb5 axb5
16. h3 Nxe3 17. Bxe3 b4 18. Qc2 bxc3 19. bxc3 Qc8 20. Kh2 Qc7 21. Nd2 Rb5 22.
Rfb1 Rfb8 23. Rxb5 Rxb5 24. d4 cxd4 25. cxd4 Qb8 26. e5 Rb2 27. Qc3 Qb4 28. Qxb4
Nxb4 29. Ra7 Bb5 30. Rxe7 Nc2 31. Bg1 Nxd4 32. exd6 Rxd2 33. d7 Bxd7 34. Rxd7
Nf3+ 35. Kh1 Rxd7 36. Bxf3 Rd2 37. Bg2 Bd4 38. Bxd4 Rxd4 39. Kh2 Kg7 40. h4 Kf6
41. Kh3 h5 42. Bf1 Kf5 43. Bb5 Ke6 44. Ba6 Kd5 45. Bb7+ Kc4 46. Bc6 Rd8 47. Bf3
Kd4 48. g4 Ke3 49. Kg3 hxg4 50. Bxg4 Rh8 51. f5 gxf5 52. Bxf5 Rg8+ 53. Kh3 Kf4
54. Bd7 Rg3+ 55. Kh2 Re3 56. Kg2 f5 57. h5 Kg5 58. h6 Re7 59. Bc8 Rh7 {White
resigns} 0-1

[Event "Team 45 45 League T84"]
[Site "Internet Chess Club"]
[Date "2020.04.26"]
[Round "4"]
[White "room-matt"]
[Black "Goli"]
[Result "1-0"]
[WhiteElo "1826"]
[BlackElo "1731"]
[Opening "Robatsch (modern) defense"]
[ECO "B06"]
[Time "11:31:12"]
[TimeControl "2700+45"]

1. e4 g6 2. d4 Bg7 3. Nc3 d6 4. Be3 Nf6 5. Qd2 O-O 6. O-O-O a6 7. Bh6 b5 8. f3
Nc6 9. Bxg7 Kxg7 10. d5 Ne5 11. g4 h6 12. h4 Rh8 13. Bg2 b4 14. Nce2 c5 15. g5
hxg5 16. hxg5 Nh5 17. f4 Nc4 18. Qd3 Nb6 19. Nf3 a5 20. c4 bxc3 21. Qxc3+ f6 22.
Rh4 Ba6 23. Re1 Na4 24. Qc2 Qd7 25. b3 Nb6 26. gxf6+ exf6 27. Bh3 Qb7 28. Be6 a4
29. Nc3 axb3 30. axb3 Rhb8 31. f5 Bc4 32. fxg6 Ra1+ 33. Kd2 Rxe1 34. Kxe1 Kh6
35. Qd2+ Kxg6 36. Qg2+ Kh6 37. Qg4 {Black resigns} 1-0

[Event "Team 45 45 League T84"]
[Site "Internet Chess Club"]
[Date "2020.04.27"]
[Round "4"]
[White "cityprosecutor"]
[Black "MathBandit"]
[Result "1/2-1/2"]
[WhiteElo "1661"]
[BlackElo "1684"]
[Opening "French: King's Indian attack"]
[ECO "C00"]
[Time "22:05:15"]
[TimeControl "2700+45"]

1. e4 e6 2. d3 d5 3. Nd2 c5 4. g3 Nc6 5. Bg2 Nf6 6. f4 Be7 7. Ngf3 dxe4 8. dxe4
O-O 9. O-O e5 10. f5 b5 11. h3 Bb7 12. g4 Qb6 13. Re1 c4+ 14. Kh2 Rad8 15. Qe2
Bb4 16. c3 Bc5 17. Nf1 Nxe4 18. Nh4 Bg1+ 19. Kh1 Nf6 20. Ng3 Bf2 21. Be3 Bxe3
22. Qxe3 Qxe3 23. Rxe3 Rd2 24. Nf3 Rxb2 25. Ne2 Nd5 26. Re4 Nf6 27. Re3 Nd5 28.
Re4 Nf6 {Game drawn by mutual agreement} 1/2-1/2

[Event "Team 45 45 League T84"]
[Site "Internet Chess Club"]
[Date "2020.04.26"]
[Round "4"]
[White "Kingofknights"]
[Black "Egmont"]
[Result "0-1"]
[WhiteElo "1556"]
[BlackElo "1719"]
[Opening "Old Indian defense"]
[ECO "A53"]
[Time "10:00:59"]
[TimeControl "2700+45"]

1. d4 Nf6 2. c4 d6 3. Nc3 Nbd7 4. e4 e5 5. d5 Be7 6. Bg5 c6 7. Bxf6 Nxf6 8. Bd3
O-O 9. Nge2 Ng4 10. h3 Nh6 11. Qc2 f5 12. f3 Bg5 13. g4 Bh4+ 14. Kd1 fxg4 15.
fxg4 Rf3 16. Ng1 Rf2 17. Be2 Qf6 18. Qd3 Bd7 19. Nf3 Rf8 20. Nxh4 Qxh4 21. Rc1
Nxg4 22. dxc6 bxc6 23. Qxd6 Ne3+ {White resigns} 0-1

[Event "Team 45 45 League T84"]
[Site "Internet Chess Club"]
[Date "2020.04.28"]
[Round "4"]
[White "fledermaus"]
[Black "QuieroAprender"]
[Result "1/2-1/2"]
[WhiteElo "1851"]
[BlackElo "1646"]
[Opening "English: symmetrical, four knights system"]
[ECO "A30"]
[Time "14:01:37"]
[TimeControl "2700+45"]

1. Nf3 Nf6 2. c4 c5 3. Nc3 Nc6 4. g3 e5 5. Bg2 Be7 6. O-O O-O 7. d3 h6 8. Ne1
Re8 9. f4 d6 10. f5 Nd4 11. e4 Rb8 12. Nc2 a6 13. Ne3 b5 14. g4 b4 15. Ncd5 Nxd5
16. Nxd5 Bg5 17. f6 Bxc1 18. Rxc1 g6 19. Rf2 Be6 20. Ne7+ Rxe7 21. fxe7 Qxe7
{Game drawn by mutual agreement} 1/2-1/2

[Event "Team 45 45 League T84"]
[Site "Internet Chess Club"]
[Date "2020.04.25"]
[Round "4"]
[White "julesraider"]
[Black "Grenadier"]
[Result "0-1"]
[WhiteElo "1631"]
[BlackElo "1599"]
[Opening "Queen's Indian: old main line, 7.Nc3"]
[ECO "E18"]
[Time "09:00:48"]
[TimeControl "2700+45"]

1. d4 Nf6 2. c4 e6 3. Nf3 b6 4. g3 Bb7 5. Bg2 Be7 6. O-O O-O 7. Nc3 d5 8. b3
Nbd7 9. Bf4 Rc8 10. cxd5 Nxd5 11. Nxd5 Bxd5 12. Qd3 c5 13. Ne5 Bxg2 14. Nxd7
Qxd7 15. Kxg2 Qxd4 16. Qa6 Qd5+ 17. Kg1 Qa8 18. Rfd1 Rfd8 19. a4 Rxd1+ 20. Rxd1
Rd8 21. Rc1 Rd7 22. b4 Qd8 23. Kg2 Rd1 24. Rc2 Qd5+ 25. f3 Qd7 26. bxc5 Bxc5 27.
h4 e5 28. Bxe5 Rg1+ 29. Kh2 Rh1+ 30. Kxh1 Qh3# {White checkmated} 0-1

[Event "Team 45 45 League T84"]
[Site "Internet Chess Club"]
[Date "2020.04.26"]
[Round "4"]
[White "justice02"]
[Black "Portola"]
[Result "0-1"]
[WhiteElo "1594"]
[BlackElo "1674"]
[Opening "French: Schlechter variation"]
[ECO "C01"]
[Time "14:04:07"]
[TimeControl "2700+45"]

1. e4 e6 2. d4 d5 3. Bd3 dxe4 4. Bxe4 Be7 5. c3 Nf6 6. Bc2 Nbd7 7. f4 c5 8. f5
exf5 9. Bxf5 cxd4 10. Qxd4 O-O 11. Ne2 Bc5 12. Qc4 Qe7 13. Bg5 b5 14. Qh4 h6 15.
Bh7+ Kxh7 {White resigns} 0-1

[Event "Team 45 45 League T84"]
[Site "Internet Chess Club"]
[Date "2020.04.25"]
[Round "4"]
[White "andrew37"]
[Black "GoIrish"]
[Result "1/2-1/2"]
[WhiteElo "1623"]
[BlackElo "1487"]
[Opening "King's Indian: orthodox, Aronin-Taimanov, 9.Ne1"]
[ECO "E98"]
[Time "15:03:41"]
[TimeControl "2700+45"]

1. Nf3 Nf6 2. c4 g6 3. Nc3 Bg7 4. e4 d6 5. d4 O-O 6. Be2 e5 7. O-O Nc6 8. d5 Ne7
9. Ne1 Ne8 10. f4 exf4 11. Bxf4 f5 12. Bg5 h6 13. Bh4 g5 14. Bf2 Ng6 15. Bd4 Ne5
16. Rc1 f4 17. b4 b6 18. c5 bxc5 19. bxc5 g4 20. Bxe5 Bxe5 21. Bxg4 dxc5 22.
Bxc8 Bd4+ 23. Kh1 Rxc8 24. Nf3 Bxc3 25. Rxc3 Nf6 26. Rxc5 Nxe4 27. Rc6 Nd6 28.
Qc2 Qf6 29. Rxc7 Qf5 30. Qxf5 Rxf5 31. Rxc8+ Nxc8 32. Rc1 Nb6 33. Rc7 Rxd5 34.
h4 Ra5 35. Rc6 Kg7 36. Rc2 Kg6 37. Kh2 Kg7 38. Nd4 Ra4 39. Nf3 Ra5 40. Kh3 Nd5
41. Nd4 Ra3+ 42. Kh2 Ne3 43. Rb2 Kf6 44. Nf3 Nf1+ 45. Kg1 Ne3 46. Rd2 Ng4 47.
Rc2 Rd3 48. Kf1 Ne3+ 49. Ke2 Nxc2 50. Kxd3 Nb4+ 51. Ke4 Nxa2 52. Kxf4 a5 53. g4
a4 54. g5+ hxg5+ 55. hxg5+ Kg6 56. Ne5+ Kg7 57. Nc4 Nc3 58. Na3 Nd5+ 59. Kf5
Ne7+ 60. Kg4 Kg6 61. Nc4 Nc6 62. Na3 Ne5+ 63. Kf4 Nf7 64. Ke4 Nxg5+ 65. Kd4
{Game drawn by mutual agreement} 1/2-1/2

[Event "Team 45 45 League T84"]
[Site "Internet Chess Club"]
[Date "2020.04.26"]
[Round "4"]
[White "Beetlejuice"]
[Black "cadmiumorange"]
[Result "1/2-1/2"]
[WhiteElo "1715"]
[BlackElo "1758"]
[Opening "Modern defense: Averbakh system, Kotov variation"]
[ECO "A40"]
[Time "10:30:58"]
[TimeControl "2700+45"]

1. d4 g6 2. e4 d6 3. c4 Bg7 4. Nc3 Nc6 5. Be3 e5 6. Nge2 exd4 7. Nxd4 Nge7 8.
Be2 O-O 9. O-O Nxd4 10. Bxd4 Bxd4 11. Qxd4 Nc6 {Game drawn by mutual agreement}
1/2-1/2

[Event "Team 45 45 League T84"]
[Site "Internet Chess Club"]
[Date "2020.04.23"]
[Round "4"]
[White "McDreasor"]
[Black "BrianWood"]
[Result "1-0"]
[WhiteElo "1646"]
[BlackElo "1611"]
[Opening "Sicilian: Taimanov variation"]
[ECO "B45"]
[Time "15:00:42"]
[TimeControl "2700+45"]

1. e4 c5 2. Nf3 e6 3. d4 cxd4 4. Nxd4 Nc6 5. Nc3 Nf6 6. Ndb5 d6 7. Bf4 e5 8. Bg5
a6 9. Na3 Be7 10. Nc4 O-O 11. Bxf6 Bxf6 12. Qxd6 Be6 13. Qxd8 Raxd8 14. Ne3 Bg5
15. Ned5 f5 16. Bd3 fxe4 17. Bxe4 Rd7 18. Rd1 Rfd8 19. O-O b5 20. a3 h5 21. h3
Bf7 22. Rd3 h4 23. Rfd1 Nd4 24. Ne3 Bc4 25. Bd5+ Rxd5 26. Nexd5 Bxd3 27. cxd3 a5
28. Ne3 Bxe3 29. fxe3 Nc2 30. Kf2 b4 31. axb4 axb4 32. Ne4 b3 33. Nc5 Rf8+ 34.
Ke2 {Black resigns} 1-0

[Event "Team 45 45 League T84"]
[Site "Internet Chess Club"]
[Date "2020.04.24"]
[Round "4"]
[White "CPTsopiens"]
[Black "elmaestro"]
[Result "1-0"]
[WhiteElo "1805"]
[BlackElo "1656"]
[Opening "Sicilian: Scheveningen (Paulsen), classical variation"]
[ECO "B85"]
[Time "10:02:38"]
[TimeControl "2700+45"]

1. e4 c5 2. Nf3 d6 3. d4 cxd4 4. Nxd4 Nf6 5. Nc3 a6 6. Be2 e6 7. O-O Be7 8. Be3
O-O 9. f4 Qc7 10. Kh1 b5 11. Bf3 Bb7 12. e5 dxe5 13. fxe5 Nd5 14. Nxd5 Bxd5 15.
Bxd5 exd5 16. Nf5 Nc6 17. Qg4 g6 18. Nh6+ Kg7 19. Nf5+ Kh8 20. Nxe7 Qxe7 21. Bg5
Qe6 22. Bf6+ Kg8 23. Qg5 Nd4 24. Qh6 Nf5 25. Rxf5 {Black resigns} 1-0

[Event "Team 45 45 League T84"]
[Site "Internet Chess Club"]
[Date "2020.04.23"]
[Round "4"]
[White "WillC"]
[Black "Demachaeron"]
[Result "1/2-1/2"]
[WhiteElo "1555"]
[BlackElo "1744"]
[Opening "Queen's pawn game, Darooha variation "]
[ECO "D02"]
[Time "18:31:01"]
[TimeControl "2700+45"]

1. d4 d5 2. Nf3 Nf6 3. b3 g6 4. Bb2 Bg7 5. e3 Bg4 6. h3 Bxf3 7. Qxf3 e6 8. Nd2
O-O 9. Bd3 Nbd7 10. O-O Re8 11. c4 c6 12. Qg3 Nh5 13. Qh2 Rc8 14. e4 dxc4 15.
Nxc4 Bf8 16. Nd6 Bxd6 17. Qxd6 Nb6 18. Qb4 c5 19. dxc5 Qxd3 20. cxb6 a6 21. Rfd1
Qc2 22. Rd2 Qc5 23. Qd4 Qxd4 24. Bxd4 e5 25. Be3 Nf6 26. f3 Rc3 27. Kf2 Rec8 28.
Rad1 Rc2 29. Bh6 Ne8 30. Kg3 f5 31. exf5 gxf5 32. Kh4 Rxd2 33. Rxd2 Rc6 34. Be3
Nf6 35. Kg5 f4 36. Bf2 Kf7 37. Kf5 Re6 38. Rc2 Ne8 39. Ke4 Nf6+ 40. Kd3 Nd5 41.
Ke4 Nf6+ 42. Kf5 Ne8 43. h4 h5 44. Ke4 Nf6+ 45. Kd3 Nd5 46. Ke4 Nf6+ 47. Kf5 Ne8
48. Ke4 {Game drawn by mutual agreement} 1/2-1/2

[Event "Team 45 45 League T84"]
[Site "Internet Chess Club"]
[Date "2020.04.25"]
[Round "4"]
[White "Sloggi"]
[Black "Monterrey"]
[Result "1-0"]
[WhiteElo "1992"]
[BlackElo "1882"]
[Opening "Trompowsky attack (Ruth, Opocenský opening)"]
[ECO "A45"]
[Time "21:02:26"]
[TimeControl "2700+45"]

1. d4 Nf6 2. Bg5 Ne4 3. h4 c5 4. d5 Qb6 5. Nd2 Nxg5 6. hxg5 Qxb2 7. g6 fxg6 8.
e3 g5 9. Bd3 g6 10. Rb1 Qf6 11. Ne4 Qg7 12. Nxg5 b6 13. Qg4 Bb7 14. Rxh7 Rxh7
15. Nxh7 Bxd5 16. Bxg6+ Kd8 17. Ne2 e6 18. Nxf8 Qxf8 19. c4 Bc6 20. Rd1 Qf6 21.
Be4 Bxe4 22. Qxe4 {Black resigns} 1-0

[Event "Team 45 45 League T84"]
[Site "Internet Chess Club"]
[Date "2020.04.25"]
[Round "4"]
[White "martineden"]
[Black "LittleButton"]
[Result "0-1"]
[WhiteElo "1883"]
[BlackElo "1865"]
[Opening "QGD: Cambridge Springs defense, 7.cd"]
[ECO "D52"]
[Time "04:07:49"]
[TimeControl "2700+45"]

1. d4 d5 2. Nf3 Nf6 3. c4 e6 4. Nc3 c6 5. Bg5 Nbd7 6. e3 Qa5 7. cxd5 exd5 8. Bd3
Ne4 9. O-O Nxg5 10. Nxg5 Nf6 11. a3 h6 12. Nf3 Bd6 13. b4 Qc7 14. b5 O-O 15.
bxc6 bxc6 16. Rc1 Qe7 17. Na4 Bxa3 18. Rxc6 Bd7 19. Ra6 Bc8 20. Rc6 Bb7 21. Rc3
Bd6 22. Nc5 Ne4 23. Bxe4 dxe4 24. Nxb7 Qxb7 25. Nd2 Rfc8 26. Rb3 Qd5 27. Qb1 f5
28. Rb5 Qe6 29. f3 Rab8 30. fxe4 Rxb5 31. Qxb5 Rc2 32. Rd1 fxe4 33. Qb7 Qg4 34.
Qa8+ Rc8 35. Qd5+ Kh8 36. Rf1 Qe2 37. Nxe4 Bxh2+ 38. Kxh2 Qxf1 39. Qe6 Qc4 40.
Qe5 Qc7 41. Qg3 Qxg3+ 42. Kxg3 a5 43. Nc5 Ra8 44. Na4 Rb8 45. Kf4 Rb4 46. Nc5 a4
47. Ke5 a3 48. Nd3 Rb5+ 49. Kd6 a2 {White resigns} 0-1

[Event "Team 45 45 League T84"]
[Site "Internet Chess Club"]
[Date "2020.04.26"]
[Round "4"]
[White "jjimalo"]
[Black "fishhead"]
[Result "1/2-1/2"]
[WhiteElo "1789"]
[BlackElo "1772"]
[Opening "English: symmetrical, Benoni formation"]
[ECO "A31"]
[Time "11:00:34"]
[TimeControl "2700+45"]

1. d4 Nf6 2. Nf3 c5 3. c4 cxd4 4. Nxd4 Qa5+ 5. Bd2 Qc5 6. e3 Nc6 7. Nxc6 bxc6 8.
Nc3 g6 9. Be2 Bg7 10. O-O a5 11. b3 O-O 12. Rc1 Bb7 13. Bf3 Qe5 14. Qc2 d5 15.
Ne2 a4 16. Bc3 axb3 17. axb3 Qd6 18. Rfd1 e5 19. cxd5 cxd5 20. Qb2 Rfe8 21. g3
Qe6 22. Ra1 Rxa1 23. Rxa1 Nd7 24. Ra7 Rb8 25. Qa3 Bf8 26. Qa5 Bc6 27. b4 Bb5 28.
Ra8 Rb7 29. Ra7 Rxa7 30. Qxa7 Qc6 31. Qa1 f6 32. Nc1 Nb6 33. Nb3 Na4 34. Be1 Qc4
35. Nd2 Qd3 36. Qb1 Nc3 37. Qxd3 Bxd3 38. Nb3 Ne2+ 39. Bxe2 Bxe2 40. f4 Kf7 41.
Kf2 Bb5 42. Nc5 h5 43. Bc3 Bd6 44. Ke1 g5 45. fxg5 fxg5 46. Kf2 Kf6 47. Kf3 Kf5
48. h3 g4+ 49. hxg4+ hxg4+ 50. Kf2 Bxc5 51. bxc5 Ke4 52. Ba5 d4 53. exd4 exd4
54. Bc7 Kd3 55. Ke1 Kc2 56. Bf4 {Game drawn by mutual agreement} 1/2-1/2

[Event "Team 45 45 League T84"]
[Site "Internet Chess Club"]
[Date "2020.04.25"]
[Round "4"]
[White "bobhill"]
[Black "room-matt"]
[Result "1/2-1/2"]
[WhiteElo "1865"]
[BlackElo "1813"]
[Opening "Queen's pawn: Torre attack"]
[ECO "A46"]
[Time "11:02:11"]
[TimeControl "2700+45"]

1. d4 Nf6 2. Nf3 e6 3. Bg5 c5 4. e3 Qb6 5. Nbd2 cxd4 6. exd4 Qxb2 7. Bxf6 gxf6
8. Bd3 Nc6 9. O-O Nxd4 10. Rb1 Nxf3+ 11. Qxf3 Qd4 12. Rfe1 Be7 13. Qg3 f5 14.
Nf3 Qg4 15. Qxg4 fxg4 16. Ne5 f5 17. Bb5 a6 18. Be2 b5 19. h3 d6 20. Nd3 Rg8 21.
hxg4 fxg4 22. Nf4 Kf7 23. Bd3 Rh8 24. a4 Bg5 25. Ne2 b4 26. Nd4 a5 27. Bc4 Re8
28. Bb5 Rf8 29. Bd3 h5 30. Re2 Bf6 31. Nb5 Ra6 32. Rbe1 d5 33. Nd4 Bxd4 34. Bxa6
Bxa6 35. Rxe6 g3 36. Re7+ Kg8 37. R1e6 gxf2+ 38. Kh2 f1=Q 39. Rg6+ Kh8 40. Rh6+
Kg8 41. Rg6+ Kh8 42. Rh6+ Kg8 {Game drawn by mutual agreement} 1/2-1/2

[Event "Team 45 45 League T84"]
[Site "Internet Chess Club"]
[Date "2020.04.25"]
[Round "4"]
[White "achessman"]
[Black "PolishRyszard"]
[Result "1-0"]
[WhiteElo "1800"]
[BlackElo "1806"]
[Opening "English: symmetrical variation"]
[ECO "A38"]
[Time "09:14:31"]
[TimeControl "2700+45"]

1. Nf3 g6 2. c4 c5 3. Nc3 Bg7 4. g3 Nc6 5. Bg2 Nf6 6. d4 cxd4 7. Nxd4 O-O 8. Nc2
d6 9. O-O Be6 10. Ne3 Rc8 11. Ncd5 Qd7 12. Bd2 Bh3 13. Bc3 Bxg2 14. Nxg2 Ne5 15.
Bxe5 Nxd5 16. Bxg7 {Black resigns} 1-0

[Event "Team 45 45 League T84"]
[Site "Internet Chess Club"]
[Date "2020.04.25"]
[Round "4"]
[White "walkover"]
[Black "LookImYourVader"]
[Result "1/2-1/2"]
[WhiteElo "1761"]
[BlackElo "1803"]
[Opening "Catalan: closed, main line"]
[ECO "E09"]
[Time "14:03:11"]
[TimeControl "2700+45"]

1. d4 d5 2. c4 e6 3. Nf3 Nf6 4. g3 c6 5. Bg2 Be7 6. O-O O-O 7. Qc2 Nbd7 8. Nbd2
h6 9. e4 dxe4 10. Nxe4 Nxe4 11. Qxe4 a5 12. Rd1 a4 13. Bf4 Nf6 14. Qc2 Bd6 15.
Ne5 Qe7 16. Re1 Bxe5 17. Rxe5 Nd7 18. Re2 Qf6 19. Rae1 Qxd4 20. Re4 Qf6 21. a3
Re8 22. c5 Qg6 23. Qc4 Nf6 24. Re5 Bd7 25. Bf1 Nd5 26. Bd3 Qf6 27. Bd2 Qe7 28.
Qc1 Qf8 29. Bxh6 gxh6 30. Rh5 Nf6 31. Rxh6 Qg7 32. Re5 Kf8 33. Rh4 Ke7 34. Rg5
Qf8 35. Qf4 Nd5 36. Qd4 Kd8 37. Rh7 Qe7 38. Rgg7 Rf8 39. Bg6 Be8 40. Be4 Qf6 41.
Qd2 Qe5 42. Bg2 Kc7 43. Rg5 Qf6 44. Rg4 Rh8 45. Rxh8 Qxh8 46. Bxd5 cxd5 47. Qb4
Ra6 48. h4 Qe5 49. Kg2 f5 50. Rf4 Bh5 51. c6 Kxc6 52. Qf8 Qd6 53. Qc8+ Qc7 54.
Qxe6+ Qd6 55. Qc8+ Qc7 56. Qe6+ Qd6 57. Qc8+ Qc7 58. Qe6+ {Game drawn by
repetition} 1/2-1/2

[Event "Team 45 45 League T84"]
[Site "Internet Chess Club"]
[Date "2020.04.23"]
[Round "4"]
[White "QuieroAprender"]
[Black "Draconian"]
[Result "0-1"]
[WhiteElo "1637"]
[BlackElo "1740"]
[Opening "Dunst (Sleipner,Heinrichsen) opening"]
[ECO "A00"]
[Time "20:08:14"]
[TimeControl "2700+45"]

1. Nc3 e5 2. b3 d5 3. e3 d4 4. exd4 exd4 5. Ne4 Nf6 6. Nxf6+ Qxf6 7. Bb2 c5 8.
Bb5+ Nd7 9. Qe2+ Be7 10. Nf3 O-O 11. O-O-O a6 12. Bc4 b5 13. Bd5 Ra7 14. Rde1
Nb6 15. Be4 Be6 16. h4 Nd5 17. Ng5 g6 18. Nxe6 fxe6 19. h5 Nf4 20. Qg4 g5 21. g3
Nd5 22. f4 Kh8 23. fxg5 Qxg5 24. Qxe6 Nc3 25. Qb6 Rf2 26. Qxa7 Qxd2# {White
checkmated} 0-1

[Event "Team 45 45 League T84"]
[Site "Internet Chess Club"]
[Date "2020.04.28"]
[Round "4"]
[White "pishd"]
[Black "trombone"]
[Result "0-1"]
[WhiteElo "1756"]
[BlackElo "1762"]
[Opening "Queen's pawn game, Rubinstein (Colle-Zukertort) variation"]
[ECO "D05"]
[Time "11:04:21"]
[TimeControl "2700+45"]

1. d4 d5 2. Nf3 e6 3. e3 Nf6 4. Bd3 c5 5. b3 Nc6 6. Bb2 Qc7 7. a3 Bd6 8. Nbd2 b6
9. O-O Bb7 10. Qe2 a6 11. c4 cxd4 12. exd4 O-O 13. Rfe1 Rac8 14. Rac1 Qb8 15. c5
bxc5 16. dxc5 Bf4 17. g3 Bh6 18. b4 Qa8 19. Ne5 Nxe5 20. Bxe5 Nd7 21. Bd6 Rfe8
22. f4 g6 23. h4 Bg7 24. h5 a5 25. hxg6 hxg6 26. Nf3 axb4 27. axb4 Qa3 28. Qd2
Qb2 29. Rc2 Qb3 30. Ne5 Nxe5 31. fxe5 Bh6 32. Qxh6 Qxd3 33. Ree2 d4 34. Qh2 Qd1+
35. Kf2 d3 36. Ra2 dxe2 37. Rxe2 Qd4+ {White resigns} 0-1

[Event "Team 45 45 League T84"]
[Site "Internet Chess Club"]
[Date "2020.04.27"]
[Round "4"]
[White "janh"]
[Black "Ajolote"]
[Result "1/2-1/2"]
[WhiteElo "1907"]
[BlackElo "1903"]
[Opening "Queen's pawn: Chigorin variation"]
[ECO "D00"]
[Time "21:00:54"]
[TimeControl "2700+45"]

1. d4 d5 2. Nc3 Nf6 3. Bf4 e6 4. e3 c6 5. Bd3 Bb4 6. Ne2 c5 7. dxc5 Nbd7 8. a3
Bxc5 9. h3 O-O 10. O-O b6 11. Bg3 Bb7 12. Qd2 Qe7 13. Nb5 a6 14. Nbc3 Rfd8 15.
Rfe1 Rac8 16. Rad1 Ne4 17. Bxe4 dxe4 18. Qc1 Qf6 19. Na4 b5 20. Nxc5 Nxc5 21.
Rxd8+ Rxd8 22. Rd1 h6 23. Bd6 Na4 24. Rd4 Bd5 25. Bb4 Bb7 26. Bd6 Bd5 27. Bb4 e5
28. Rd2 Bb7 29. b3 Nb6 30. Qd1 Rxd2 31. Qxd2 Qc6 32. Nc3 Nd5 33. Nxd5 Qxd5 34.
Qxd5 Bxd5 35. Kf1 {Game drawn by mutual agreement} 1/2-1/2

[Event "Team 45 45 League T84"]
[Site "Internet Chess Club"]
[Date "2020.04.23"]
[Round "4"]
[White "ANGELLR"]
[Black "cayo89"]
[Result "1-0"]
[WhiteElo "1820"]
[BlackElo "1570"]
[Opening "Queen's Pawn"]
[ECO "A41"]
[Time "19:03:43"]
[TimeControl "2700+45"]

1. d4 d6 2. Bf4 Nf6 3. e3 g6 4. Nf3 Bg7 5. Be2 b6 6. h3 Bb7 7. O-O O-O 8. c4
Nbd7 9. Nc3 Re8 10. Bh2 e5 11. Rc1 Rb8 12. Re1 a6 13. Qc2 c5 14. dxe5 dxe5 15.
Rcd1 Qc8 16. Ng5 Qc7 17. Bf3 Rbd8 18. Nd5 Nxd5 19. cxd5 Nf6 20. d6 Qd7 21. Rd2
e4 22. Bg4 Nxg4 23. hxg4 h6 24. Nh3 Qxg4 25. Red1 g5 26. a4 Be5 27. Bxe5 Rxe5
28. Qb3 Qd7 29. Qxb6 Rc8 30. b3 Rc6 31. Qa7 Re6 32. Rd5 f6 33. Kh1 Bc8 34. Qb8
Kf7 35. Ng1 Kg7 36. Ne2 Bb7 37. Ng3 Rc8 38. Qa7 Rc6 39. Rxc5 {Black resigns} 1-0

[Event "Team 45 45 League T84"]
[Site "Internet Chess Club"]
[Date "2020.04.25"]
[Round "4"]
[White "Redman1"]
[Black "ElValero"]
[Result "1/2-1/2"]
[WhiteElo "1548"]
[BlackElo "1758"]
[Opening "Queen's bishop game"]
[ECO "D02"]
[Time "10:00:34"]
[TimeControl "2700+45"]

1. d4 Nf6 2. Nf3 d5 3. Bf4 e6 4. e3 Bd6 5. Bg3 O-O 6. Nbd2 b6 7. c3 Ba6 8. Bxa6
Nxa6 9. Qe2 Nb8 10. Ne5 Bxe5 11. dxe5 Nfd7 12. f4 f5 13. exf6 Nxf6 14. O-O Nbd7
15. c4 Nc5 16. f5 exf5 17. Rxf5 d4 18. e4 Qd7 19. Raf1 d3 20. Qf2 Qe7 21. Qd4
Ncxe4 22. Re5 Qd8 23. Rxe4 Nxe4 24. Rxf8+ Qxf8 25. Qxe4 Qc5+ 26. Bf2 Qf8 27.
Qxd3 Rd8 28. Qc2 Qd6 29. Nf1 c5 30. Qe4 h6 31. g3 Qf6 32. b3 Qa1 33. Qe6+ Kh8
34. Qe7 Rd1 35. Qe8+ Kh7 36. Qe4+ Kg8 37. Qe8+ Kh7 38. Qe4+ Kg8 39. Qe8+ {Game
drawn by mutual agreement} 1/2-1/2

[Event "Team 45 45 League T84"]
[Site "Internet Chess Club"]
[Date "2020.04.24"]
[Round "4"]
[White "julesraider"]
[Black "LuFran"]
[Result "1/2-1/2"]
[WhiteElo "1650"]
[BlackElo "1702"]
[Opening "QGD: 4.Nf3"]
[ECO "D37"]
[Time "16:00:44"]
[TimeControl "2700+45"]

1. d4 e6 2. c4 d5 3. Nf3 Nf6 4. Nc3 Be7 5. g3 dxc4 6. Bg2 a6 7. Ne5 Nbd7 8. Nxc4
O-O 9. O-O Nb6 10. Nxb6 cxb6 11. a3 Rb8 12. Bf4 Bd6 13. Bxd6 Qxd6 14. e3 Bd7 15.
e4 e5 16. d5 Ne8 17. f4 f6 18. b4 Rc8 19. Qd2 Qe7 20. Qe3 Nd6 21. Rfc1 Nc4 22.
Qd3 b5 {Game drawn by mutual agreement} 1/2-1/2

[Event "Team 45 45 League T84"]
[Site "Internet Chess Club"]
[Date "2020.04.25"]
[Round "4"]
[White "VictorRed"]
[Black "andrew37"]
[Result "1/2-1/2"]
[WhiteElo "1568"]
[BlackElo "1629"]
[Opening "King's Indian: fianchetto without c4"]
[ECO "A49"]
[Time "19:01:25"]
[TimeControl "2700+45"]

1. d4 Nf6 2. Nf3 g6 3. g3 d5 4. Bg2 Bg7 5. O-O O-O 6. Nc3 c6 7. Bg5 Ne4 8. Be3
f5 9. Ne5 Nd7 10. f4 Ndf6 11. Nxe4 fxe4 12. c3 Qb6 13. Bc1 Ng4 14. Nxg4 Bxg4 15.
h3 Bd7 16. e3 Rad8 17. Kh2 Qc7 18. b3 b5 19. Ba3 Rf7 20. Qe2 Bf8 21. c4 bxc4 22.
bxc4 e6 23. c5 Bg7 24. Rab1 Rff8 25. Rb3 Rb8 26. Rfb1 Rxb3 27. Rxb3 Rb8 28. Qb2
Rxb3 29. axb3 Qa5 30. b4 Qb5 31. Qc3 Bf6 32. Kg1 Bd8 33. Bf1 Qa4 34. Bc1 Be8 35.
Bd2 Bc7 36. Be2 g5 37. Bg4 Bf7 38. fxg5 Bxg3 39. Kg2 Bh4 40. Be2 Bxg5 41. b5 Be8
42. b6 axb6 43. cxb6 Qa8 44. Qb4 Qb8 45. Be1 Bxe3 46. b7 Bf4 47. Qe7 Bf7 48. Bg4
Qf8 49. Qf6 Bb8 50. Bxe6 Bxe6 51. Qxe6+ Kg7 52. Qg4+ {Game drawn by mutual
agreement} 1/2-1/2

[Event "Team 45 45 League T84"]
[Site "Internet Chess Club"]
[Date "2020.04.25"]
[Round "4"]
[White "rubo"]
[Black "kabindra"]
[Result "0-1"]
[WhiteElo "1519"]
[BlackElo "1653"]
[Opening "Queen's pawn, Mason variation, Steinitz counter-gambit"]
[ECO "D00"]
[Time "16:00:43"]
[TimeControl "2700+45"]

1. d4 d5 2. Bf4 c5 3. e3 c4 4. c3 Bf5 5. Nd2 Nf6 6. Be2 a6 7. b3 b5 8. bxc4 bxc4
9. h3 Nbd7 10. Ngf3 e6 11. Qa4 Be7 12. Ne5 O-O 13. Nc6 Qe8 14. O-O Nb6 15. Nxe7+
Qxe7 16. Qc6 Qa7 17. Bc7 Na4 18. Qxa4 Qxc7 19. Qd1 Rab8 20. Qc1 Rb5 21. a4 Rb7
22. Ra2 Rfb8 23. Qa1 Qb6 24. Rc1 Qa5 25. Bf3 Bd3 26. g4 Ne4 27. Bxe4 dxe4 28.
Kg2 Qg5 29. f4 exf3+ 30. Kxf3 e5 31. Re1 e4+ 32. Kf2 Rb6 33. Kg3 Rh6 34. Rb2
Qh4+ 35. Kg2 Qxh3+ 36. Kf2 Qh2# {White checkmated} 0-1

[Event "Team 45 45 League T84"]
[Site "Internet Chess Club"]
[Date "2020.04.26"]
[Round "4"]
[White "Toalla"]
[Black "MartyJR"]
[Result "1/2-1/2"]
[WhiteElo "1162"]
[BlackElo "1449"]
[Opening "QGD Slav defense"]
[ECO "D10"]
[Time "15:01:16"]
[TimeControl "2700+45"]

1. d4 d5 2. c4 c6 3. Bf4 Nf6 4. e3 Bf5 5. Qb3 Qb6 6. c5 Qxb3 7. axb3 e6 8. b4
Nbd7 9. Nf3 Be7 10. Nc3 h6 11. h3 O-O 12. Be2 b6 13. O-O b5 14. Ra3 Rfc8 15.
Rfa1 a6 16. Rxa6 Rxa6 17. Rxa6 Bf8 18. Ne5 Nxe5 19. Bxe5 Ne4 20. Nxe4 Bxe4 21.
f3 Bg6 22. Ra7 f6 23. Bc7 Bf7 24. g4 g6 25. Kg2 Bg7 26. f4 g5 27. Bd3 Bf8 28. f5
Bg7 29. Kf3 e5 30. Bc2 e4+ 31. Kg2 h5 32. Kg3 h4+ 33. Kf2 Be8 34. Kg2 Bf8 35.
Kf2 Be7 36. Kg2 Bd8 37. Bh2 Bf7 38. Bd6 Be8 39. Kf2 Bf7 40. Kg2 {Game drawn by
mutual agreement} 1/2-1/2